 Dungeon Crawl Stone Soup version 0.27-a0-1232-gc6a4cbde82 (webtiles) character file.

Game seed: 10300772901168021450

1130 Shayle the Sneak (level 8, -1/91 HPs)
             Began as a Demonspawn Enchanter on June 8, 2021.
             Slain by a vampire
             ... wielding the +4 hand axe of the Destroying Ass {speed, Stlth+}
              (5 damage)
             ... on level 5 of the Dungeon.
             The game lasted 00:15:50 (7079 turns).

Shayle the Sneak (Demonspawn Enchanter)             Turns: 7079, Time: 00:15:54

Health: -1/91      AC: 12    Str:  9    XL:     8   Next: 13%
Magic:  9/11       EV: 13    Int: 17    God:
Gold:   164        SH:  8    Dex: 15    Spells: 2/11 levels left

rFire    . . .     SeeInvis .   d - +2 short sword (vamp)
rCold    . . .     Faith    .   c - +0 buckler
rNeg     . . .     Spirit   .   j - +0 leather armour
rPois    .         Reflect  .   (helmet restricted)
rElec    .         Harm     .   (no cloak)
rCorr    .         Rampage  .   e - +2 pair of gloves
Will     .....                  (no boots)
Stlth    ..........             (no amulet)
HPRegen  0.25/turn              (no ring)
MPRegen  0.12/turn              (no ring)

@: berserking, very quick
A: antennae 1, demonic guardian 1, icemail 1, sharp scales 2, condensation
shield
a: no special abilities


You were on level 5 of the Dungeon.
You visited 1 branch of the dungeon, and saw 5 of its levels.

You collected 164 gold pieces.

Inventory:

Hand Weapons
 a - a +2 dagger
 d - a +2 vampiric short sword (weapon)
 g - a +2 whip of venom
 n - a +3 dagger
Missiles
 h - 41 poisoned darts (quivered)
 k - 3 throwing nets
Armour
 b - a +0 robe
 c - a +0 buckler (worn)
 e - a +2 pair of gloves (worn)
 j - a +0 leather armour (worn)
Wands
 l - a wand of acid (12)
Scrolls
 f - a scroll of enchant weapon
 i - a scroll of fog {unknown}
 q - a scroll of teleportation
Potions
 p - a potion of might
 r - a potion of haste
 s - a potion of resistance {unknown}


   Skills:
 + Level 4.3 Fighting
 - Level 0.8 Short Blades
 + Level 4.5 Dodging
 * Level 7.0 Stealth
 + Level 2.1 Shields
 - Level 2.0 Spellcasting
 - Level 3.0 Hexes


You had 2 spell levels left.
You knew the following spells:

 Your Spells              Type           Power      Damage    Failure   Level
a - Corona                Hex            12%        N/A       10%         1
b - Ensorcelled Hibernat  Hex/Ice        12%        N/A       28%         2
c - Confusing Touch       Hex            11%        N/A       30%         3
d - Tukima's Dance        Hex            11%        N/A       30%         3

Your spell library contained the following spells:

 Spells                   Type           Power      Damage    Failure   Level
 Shock                    Conj/Air       4%         1d3       34%         1
 Static Discharge         Conj/Air       1%         N/A       45%         2
 Dazzling Flash           Conj/Hex       12%        N/A       50%         3
 Swiftness                Air            1%         N/A       71%         3
 Airstrike                Air            0%         N/A       98%         4
 Lightning Bolt           Conj/Air       0%         1d11      100%        5


Dungeon Overview and Level Annotations

Branches:
Dungeon (5/15)
 Temple: D:4-7

Altars:
Elyvilon
Gozag
Okawaru
Ru

Annotations:
D:5 4 runed translucent doors


Innate Abilities, Weirdness & Mutations

You have a pair of small antennae on your head.
A weak demonic guardian rushes to your aid.
A meltable icy envelope protects you from harm. (AC +4)
You are mostly covered in razor-sharp scales. (AC +2, Slay +2)
A meltable shield of frost defends you. (SH +4)


Message History

The vampire draws strength from your injuries!
The vampire mumbles some strange words.
The vampire flickers and vanishes!
Deactivating autopickup; reactivate with Ctrl-A.
You bump into the crystal wall.
Something hits you. Something bites you but does no damage.
You hit something but do no damage. Something hits you.
Something bites you but does no damage. Something hits you.
Something bites you.
Something draws strength from your injuries!
You're too confused to move!
Something hits you! Something bites you.
Something draws strength from your injuries!
You bump into the crystal wall.
Something hits you!
A demonic guardian appears!
Something bites you but does no damage. Something barely misses you. x2
You bump into the crystal wall.
Something hits you. Something barely misses you.
A red film seems to cover your vision as you go berserk!
You feel yourself moving faster!
You feel mighty!
You feel less confused. Something hits you. Something bites you!
* * * LOW HITPOINT WARNING * * *
Something draws strength from your injuries!
Something hits you.
* * * LOW HITPOINT WARNING * * *
Something bites you.
* * * LOW HITPOINT WARNING * * *
Something draws strength from your injuries!
You miss something. Something hits you.
* * * LOW HITPOINT WARNING * * *
You block something's attack.
You hit something but do no damage. Something hits you.
* * * LOW HITPOINT WARNING * * *
Something bites you but does no damage.
You hit something but do no damage.
Something asks, "What the hell are we doing here?
Hmm, I see..."
Something hits the scorpion zombie!
Something hits you!
* * * LOW HITPOINT WARNING * * *
Something barely misses the scorpion zombie. x2
Something hits you.
You die...

##....# #8....8#..#
###### #=....?#..#
#!....[#..#
#8....8#..#
#####8lc8##..#
##.'.##++##...#
#)##..........#
#.####5#.........##
#.Z{@##..########
######..## ...##
####


You could see a scorpion zombie and a friendly quasit (summoned).

Vanquished Creatures
  Grinder (D:3)
  Sigmund (D:2)
  A black bear (D:5)
  3 ogres
  A gnoll sergeant (D:5)
  4 orc priests
  An orc wizard (D:3)
  A scorpion zombie (D:5)
  7 gnolls
  6 adders
  A white imp (D:4)
  A worm (D:5)
  An adder skeleton (D:4)
  4 dart slugs
  12 orcs
  8 ball pythons
  8 endoplasms
  4 giant cockroaches
  8 hobgoblins
  10 jackals
  5 quokkas
  6 bats
  3 frilled lizards (D:1)
  9 goblins
  5 kobolds
  A quokka skeleton (D:2)
  3 rats
115 creatures vanquished.

Vanquished Creatures (collateral kills)
  2 ball pythons (D:2)
  A quokka (D:1)
3 creatures vanquished.

Vanquished Creatures (others)
  25 plants (D:3)
25 creatures vanquished.

Grand Total: 143 creatures vanquished

Notes
Turn   | Place    | Note
-------+----------+-------------------------------------------
     0 | D:1      | Shayle the Demonspawn Enchanter began the quest for the
                  | Orb.
     0 | D:1      | Reached XP level 1. HP: 13/13 MP: 3/3
   402 | D:1      | Reached skill level 3 in Stealth
   423 | D:1      | Gained mutation: A meltable shield of frost defends you.
                  | (SH +4) [demonic ancestry]
   423 | D:1      | Reached XP level 2. HP: 3/20 MP: 5/5
  1393 | D:1      | Reached skill level 1 in Fighting
  1667 | D:1      | Learned a level 2 spell: Ensorcelled Hibernation
  2111 | D:1      | Gained mutation: A weak demonic guardian rushes to your
                  | aid. [demonic ancestry]
  2111 | D:1      | Reached XP level 3. HP: 23/26 MP: 1/6
  2935 | D:2      | Noticed Sigmund
  2952 | D:2      | Killed Sigmund
  2953 | D:2      | Reached skill level 4 in Stealth
  2953 | D:2      | Gained mutation: You are partially covered in razor-sharp
                  | scales. (AC +1, Slay +1) [demonic ancestry]
  2953 | D:2      | Reached XP level 4. HP: 13/34 MP: 1/7
  2953 | D:2      | Gained mutation: A meltable icy envelope protects you from
                  | harm. (AC +4) [demonic ancestry]
  2953 | D:2      | Reached XP level 5. HP: 15/39 MP: 1/8
  3726 | D:3      | Found a sacrificial altar of Ru.
  3727 | D:3      | Found an iron altar of Okawaru.
  3737 | D:3      | Noticed Grinder
  3743 | D:3      | Reached skill level 5 in Stealth
  3763 | D:3      | Learned a level 3 spell: Confusing Touch
  3819 | D:3      | Gained mutation: You have a pair of small antennae on your
                  | head. [demonic ancestry]
  3819 | D:3      | Reached XP level 6. HP: 45/46 MP: 9/9
  3877 | D:3      | Killed Grinder
  4178 | D:3      | Gained mutation: You are mostly covered in razor-sharp
                  | scales. (AC +2, Slay +2) [demonic ancestry]
  4178 | D:3      | Reached XP level 7. HP: 38/52 MP: 6/10
  4368 | D:3      | Learned a level 3 spell: Tukima's Dance
  4548 | D:3      | Reached skill level 6 in Stealth
  5442 | D:4      | Found an opulent altar of Gozag.
  5968 | D:4      | Reached skill level 1 in Shields
  6314 | D:5      | Entered Level 5 of the Dungeon
  6823 | D:5      | Found a large runed translucent door.
  6832 | D:5      | Found a large runed translucent door.
  6858 | D:5      | Reached XP level 8. HP: 57/60 MP: 8/11
  6938 | D:5      | Found a large runed translucent door.
  6938 | D:5      | Found a large runed translucent door.
  6963 | D:5      | Reached skill level 7 in Stealth
  7066 | D:5      | Identified the +4 hand axe of the Destroying Ass {speed,
                  | Stlth+}
  7079 | D:5      | HP: 4/91 [something (7)]
  7079 | D:5      | Slain by a vampire

Illustrated notes

Levels and vault maps discovered:
D:1:      ncdulo_halloftheorcs, layout_basic
D:2:      layout_loops_ring, uniq_sigmund
D:3:      layout_basic, grunt_temple_overflow_open, serial_bayou,
          serial_bayou_pond_b, serial_bayou_shore_b, serial_bayou_pond_d,
          serial_bayou_shore_a, corexii_item_surrounded_by_moat, uniq_grinder
D:4:      minmay_chambers_of_fours, layout_gridville, kennysheep_mini_moat
D:5:      layout_loops_ring, small_statue_intersection, minivault_19,
          minmay_hollow_rounded_squares

Skill      XL: |  1  2  3  4  5  6  7  8 |
---------------+-------------------------+-----
Stealth        | 3 4 5 6 7 |  7.0
Dodging        | 2 3 4 |  4.5
Fighting       | 1 2 3 4 |  4.3
Shields        | 1 2 |  2.1
Short Blades   | |  0.8
Spellcasting   | |  2.0
Hexes          | |  3.0

Action                   |  1- 3 |  4- 6 |  7- 9 || total
-------------------------+-------+-------+-------++-------
Melee: Dagger            |   242 |    46 |       ||   288
       Short sword       |       |    34 |   232 ||   266
Throw: Dart              |       |       |     2 ||     2
 Cast: Ensorcelled Hiber |    12 |     9 |    14 ||    35
       Confusing Touch   |       |     3 |     6 ||     9
       Corona            |       |       |     1 ||     1
  Use: Potion            |     2 |       |     2 ||     4
       Scroll            |       |     4 |     5 ||     9
 Stab: Sleeping          |    12 |     6 |    13 ||    31
       Distracted        |     1 |       |       ||     1
       Confused          |       |     3 |     3 ||     6
Armor: Robe              |    63 |    18 |     7 ||    88
       Leather armour    |       |       |    88 ||    88
Dodge: Dodged            |   113 |    41 |   109 ||   263
Block: Other             |    30 |     5 |     4 ||    39
       Buckler           |       |       |    98 ||    98

Table legend: (Time is in decaauts)
 A = Elapsed time spent in this place.
 B = Non-inter-level travel time spent in this place.
 C = Inter-level travel time spent in this place.
 D = Time resting spent in this place.
 E = Time spent auto-exploring this place.
 F = Levels seen in this place.
 G = Mean time per level.
                   A        B        C        D        E       F      G
               +--------+--------+--------+--------+--------+-----+--------+
         Total |   7111 |   6804 |    307 |   2359 |   2910 |   5 | 1422.2 |
       Dungeon |   7111 |   6804 |    307 |   2359 |   2910 |   5 | 1422.2 |
               +--------+--------+--------+--------+--------+-----+--------+

Top non-repeatable levels by time:
     D:1: 2691 daAuts
     D:3: 1621 daAuts
     D:4: 1493 daAuts
     D:2: 878 daAuts
     D:5: 427 daAuts
